 Dungeon Crawl Stone Soup version 0.29.1-2-gbd0b4ee654 (webtiles) character file.

Game seed: 15708688894518440404

553 fireball365 the Chopper (level 7, 0/59 HPs)
             Began as a Hill Orc Fighter on Oct 28, 2022.
             Was an Initiate of Gozag.
             Slain by miserystealer's ghost (13 damage)
             ... on level 4 of the Dungeon.
             The game lasted 00:13:52 (4331 turns).

fireball365 the Chopper (Hill Orc Fighter)          Turns: 4331, Time: 00:13:52

Health: 0/59       AC:  8    Str: 27    XL:     7   Next: 29%
Magic:  7/7        EV: 10    Int:  8    God:    Gozag
Gold:   63         SH:  0    Dex: 10    Spells: 6/6 levels left

rFire   . . .      SeeInvis .   d - +5 scythe (distort)
rCold   . . .      Faith    .   (shield currently unavailable)
rNeg    . . .      Spirit   .   b - +0 scale mail
rPois   .          Reflect  .   (no helmet)
rElec   .          Harm     .   (no cloak)
rCorr   .          Rampage  .   y - +0 pair of gloves
Will    .....                   (no boots)
Stlth   ..........              (no amulet)
HPRegen 0.19/turn               t - +6 ring of strength
MPRegen 0.10/turn               (no ring)

@: lethally poisoned (0 -> -6), about to teleport, gold aura
A: no striking features
a: Renounce Religion, Potion Petition, Call Merchant, Bribe Branch


You were on level 4 of the Dungeon.
You worshipped Gozag.
Gozag was noncommittal.
You visited 2 branches of the dungeon, and saw 5 of its levels.
You also visited: Ossuary.

You collected 93 gold pieces.
You paid 30 gold pieces to Gozag.

Inventory:

Hand Weapons
 a - a +0 war axe
 d - a +5 scythe of distortion (weapon)
 x - a +0 halberd
Missiles
 h - 18 stones (quivered)
Armour
 b - a +0 scale mail (worn)
 c - a +0 buckler
 y - a +0 pair of gloves (worn)
Jewellery
 t - a +6 ring of strength (left hand)
Scrolls
 g - 3 scrolls of identify
 j - a scroll of magic mapping
 k - a scroll of poison {unknown}
 m - 6 scrolls of immolation
 n - 2 scrolls of enchant weapon
 o - 5 scrolls of teleportation
 p - a scroll of amnesia {unknown}
 q - a scroll of torment {unknown}
 w - a scroll of vulnerability {unknown}
 z - a scroll of blinking {unknown}
 C - a scroll of summoning {unknown}
 E - a scroll of fog {unknown}
Potions
 e - 2 potions of brilliance
 f - 2 potions of flight {unknown}
 i - 2 potions of lignification {unknown}
 l - a potion of cancellation {unknown}
 r - a potion of mutation {unknown}
 s - a potion of curing {unknown}
 u - 4 potions of haste {unknown}
 v - a potion of attraction {unknown}
 A - 3 potions of heal wounds {unknown}
 B - 4 potions of degeneration
 D - a potion of invisibility {unknown}


   Skills:
 - Level 4.0 Fighting
 - Level 6.2(7.0) Axes
 * Level 4.0(5.3) Polearms
 + Level 5.6 Armour
 - Level 3.6 Shields


You had 6 spell levels left.
You didn't know any spells.
Your spell library contained the following spells:

 Spells                   Type           Power      Damage    Failure   Level
 Beastly Appendage        Tmut           0%         N/A       67%         1
 Wereblood                Tmut           0%         N/A       80%         2
 Call Canine Familiar     Summ           0%         N/A       95%         3
 Portal Projectile        Hex/Tloc       0%         N/A       95%         3
 Spider Form              Tmut/Pois      0%         N/A       95%         3
 Leda's Liquefaction      Hex/Erth       0%         N/A       100%        4


Dungeon Overview and Level Annotations

Branches:
Dungeon (4/15)             Temple (1/1) D:4         Ossuary (visited)

Altars:
Ashenzari
Elyvilon
Gozag
Hepliaklqana
Makhleb
Nemelex Xobeh
Okawaru
Ru
Wu Jian
Yredelemnul

Annotations:
D:4 miserystealer's ghost, novice HOFi


Message History

Found a pink potion.
You open the door. You completely miss the adder. The adder bites you.
You are poisoned.
The adder poisons you! The adder bites you but does no damage.
You slash the adder!
The adder is almost dead.
The adder blinks!
You feel sick. The adder barely misses you.
You hit the adder.
Space warps horribly around the adder!
You kill the adder!
You feel sick. The adder barely misses you.
You closely miss miserystealer's ghost.
You feel sick. The adder barely misses you. Miserystealer's ghost hits you!
The adder barely misses you.
You hit miserystealer's ghost.
Space warps around miserystealer's ghost.
Miserystealer's ghost is lightly damaged.
You feel sick.
You are no longer poisoned.
Miserystealer's ghost hits you. The adder barely misses you.
Miserystealer's ghost hits you! The adder bites you but does no damage.
Really read the scroll of immolation?
Okay, then.
As you read the scroll of teleportation, it crumbles to dust.
You feel strangely unstable. The adder bites you but does no damage.
Miserystealer's ghost hits you.
You barely miss miserystealer's ghost.
Miserystealer's ghost is lightly damaged.
The adder bites you.
You are poisoned.
The adder poisons you! Miserystealer's ghost hits you!
* * * LOW HITPOINT WARNING * * *
You hit miserystealer's ghost.
Miserystealer's ghost is lightly damaged.
You feel sick. The adder bites you.
* * * LOW HITPOINT WARNING * * *
You are more poisoned.
The adder poisons you! Miserystealer's ghost hits you!
You die...
Your body crumbles into a pile of gold.

##....# *,,,,,,, #...#.# **,,*,,,
#...#.# **,,,** ..#.#.# ***,*
###.#.# *,* ###.#.## ###*********
.......####### #..,,,,,,,,*
.##.#........####### #.#**,,,,,*,
.##.##.#####.#.S@..# #.# **,$,*,,
.......### #.#.#W#.###.#***,,*,,,
.#.##....# #.###~#.....#,,,,,,,,,
....#..#.###.###~#####.#*,,,*,,,*
.............# #~# #.#,*,,*,,*,
.#####'#####.# #~# #.#,,*,*,*,,
,,*#.....##..# #!# #.#,,,*,*,,,
*,,##...##...# #~# #.#*********
,,,,##.##..#.# *** #.# *,**


You could see miserystealer's ghost and an adder.

Vanquished Creatures
  Sigmund (D:2)
  A centaur zombie (Ossuary)
  2 human zombies (Ossuary)
  2 hounds (D:3)
  Jessica (D:2)
  6 mummies
  4 gnolls (D:3)
  3 adders
  2 dart slugs (D:1)
  5 endoplasms (D:1)
  4 giant cockroaches
  A gnoll zombie (Ossuary)
  9 goblins
  2 hobgoblins
  4 jackals (D:1)
  5 kobolds
  4 quokkas
  8 ball pythons
  3 bats
  6 frilled lizards
  A goblin zombie (Ossuary)
  A hobgoblin zombie (Ossuary)
  A kobold zombie (Ossuary)
  An orc zombie (Ossuary)
  4 rats
81 creatures vanquished.

Vanquished Creatures (others)
  4 fungi (D:2)
  11 plants
15 creatures vanquished.

Grand Total: 96 creatures vanquished

Notes
Turn   | Place    | Note
-------+----------+-------------------------------------------
     0 | D:1      | fireball365 the Hill Orc Fighter began the quest for the
                  | Orb.
     0 | D:1      | Reached XP level 1. HP: 19/19 MP: 1/1
    47 | D:1      | Reached XP level 2. HP: 25/27 MP: 2/2
    67 | D:1      | Reached skill level 3 in Axes
   627 | D:1      | Reached XP level 3. HP: 24/33 MP: 3/3
  1200 | D:2      | Reached skill level 4 in Axes
  1309 | D:2      | Reached XP level 4. HP: 36/40 MP: 4/4
  1475 | D:2      | Found a faded altar of an unknown god.
  1603 | D:2      | Noticed Sigmund
  1626 | D:2      | Killed Sigmund
  1627 | D:2      | Reached skill level 6 in Axes
  1627 | D:2      | Reached XP level 5. HP: 8/46 MP: 5/5
  1627 | D:2      | Reached XP level 6. HP: 9/52 MP: 6/6
  2102 | D:2      | Noticed Jessica
  2106 | D:2      | Killed Jessica
  2107 | D:2      | Reached skill level 1 in Polearms
  2852 | D:3      | Reached skill level 5 in Armour
  3822 | D:4      | Found a sand-covered staircase.
  3833 | Ossuary  | Entered an ossuary
  3949 | Ossuary  | Reached XP level 7. HP: 46/59 MP: 7/7
  4219 | D:4      | Found a staircase to the Ecumenical Temple.
  4232 | Temple   | Entered the Ecumenical Temple
  4273 | Temple   | Became a worshipper of Gozag Ym Sagoz the Greedy
  4314 | D:4      | Found a runed translucent door.
  4320 | D:4      | Noticed miserystealer's ghost (novice HOFi)
  4331 | D:4      | Slain by miserystealer's ghost

Illustrated notes

Levels and vault maps discovered:
D:1:      sevenhm_arrival_forest_fort_small_1, layout_basic,
          serial_bayou_pond_d, serial_park_tiny_pond
D:2:      layout_rooms, serial_rivers, chequers_serial_rivers_large_a,
          chequers_serial_rivers_room_a, chequers_serial_rivers_room_b,
          chequers_serial_rivers_small_3, chequers_serial_rivers_micro_b,
          dreamdust_ecumenical_altar_grove, uniq_jessica, uniq_sigmund
D:3:      layout_basic, cheibrodos_gnoll_hut
D:4:      layout_loops_ring, mainiacjoe_overflow_alcove_2,
          minmay_temple_entry_tees, gup_ossuary_entry_pyramid,
          ebering_ghost_sewer_d, hangedman_decor_diamond_cutter,
          minmay_fire_ice_demons
Temple:   nicolae_temple_great_sept

Skill      XL: |  1  2  3  4  5  6  7 |
---------------+----------------------+-----
Axes           | 3 4 6 |  6.2
Fighting       | 4 |  4.0
Armour         | 4 5 |  5.6
Polearms       | 3 4 |  4.0
Shields        | |  3.6

Action                   |  1- 3 |  4- 6 |  7- 9 || total
-------------------------+-------+-------+-------++-------
Melee: War axe           |    95 |    51 |       ||   146
       Halberd           |       |    46 |    36 ||    82
  Use: Scroll            |       |     4 |     4 ||     8
       Potion            |       |     1 |       ||     1
Armor: Scale mail        |    66 |    24 |    14 ||   104
Dodge: Dodged            |    51 |    41 |    13 ||   105
Block: Buckler           |    30 |     4 |       ||    34
